 Dungeon Crawl Stone Soup version 0.27.0-1-g7a089689b8 (webtiles) character file.

Game seed: 515976302886489223

8477 ZombieSheep the Fighter (level 11, -8/115 HPs)
             Began as a Troll Hunter on Aug 5, 2021.
             Was an Initiate of Gozag.
             Collided with a rock wall (15 damage)
             ... caused by a wretched star
             ... on level 2 of the Abyss.
             The game lasted 00:21:54 (7584 turns).

ZombieSheep the Fighter (Troll Hunter)              Turns: 7584, Time: 00:21:55

Health: -8/115     AC:  6    Str: 28    XL:     11   Next: 10%
Magic:  0/10       EV: 12    Int:  7    God:    Gozag
Gold:   730        SH:  0    Dex: 13    Spells: 10/10 levels left

rFire    . . .     SeeInvis .     - Unarmed
rCold    . . .     Faith    .   (no shield)
rNeg     . . .     Spirit   +   w - +1 robe
rPois    .         Reflect  .   C - +0 hat
rElec    .         Harm     .   D - +0 cloak
rCorr    .         Rampage  .   (gloves unavailable)
Will     .....                  (boots unavailable)
Stlth    +.........             B - amulet of guardian spirit
HPRegen  1.29/turn              g - +6 ring of strength
MPRegen  0.12/turn              (no ring)

@: no status effects
A: large, unfitting armour, claws 3, regeneration 1, shaggy fur 1, tough skin 1
a: Renounce Religion, Potion Petition, Call Merchant, Bribe Branch


You were on level 2 of the Abyss.
You worshipped Gozag.
Gozag was pleased with you.
You visited 2 branches of the dungeon, and saw 11 of its levels.
You visited the Abyss 1 time.

You collected 1211 gold pieces.
You spent 110 gold pieces at shops.
You paid 371 gold pieces to Gozag.

Inventory:

Hand Weapons
 b - the +9 spear "Okoiqoba" {vorpal, Str+6}
   (You found it on level 7 of the Dungeon)

   It inflicts extra damage upon your enemies.
   Str:       It affects your strength (+6).
 o - a +2 whip of venom
Missiles
 c - 4 large rocks (quivered)
 d - 7 throwing nets
Armour
 w - a +1 robe (worn)
 C - a +0 hat (worn)
 D - a +0 cloak (worn)
Jewellery
 e - a ring of magical power
 g - a +6 ring of strength (left claw)
 h - a ring of magical power
 v - a ring of wizardry
 B - an amulet of guardian spirit (around neck)
Wands
 i - a wand of paralysis (18)
 r - a wand of acid (7)
 s - a wand of flame (12)
 z - a wand of iceblast (11)
 A - a wand of digging (5)
Scrolls
 f - a scroll of fear
 k - 4 scrolls of teleportation
 m - a scroll of enchant armour
 x - a scroll of enchant weapon
 y - 3 scrolls of identify
Potions
 a - 2 potions of magic
 j - a potion of mutation
 l - 2 potions of flight
 n - a potion of ambrosia
 p - 3 potions of attraction
 q - 5 potions of curing
 t - 2 potions of lignification
 u - 2 potions of berserk rage


   Skills:
 + Level 9.5 Fighting
 + Level 6.0 Polearms
 - Level 3.6 Throwing
 + Level 6.3 Dodging
 - Level 0.3 Stealth
 + Level 8.3 Unarmed Combat


You had 10 spell levels left.
You didn't know any spells.
Your spell library contained the following spells:

 Spells                   Type           Power      Damage    Failure   Level
 Animate Skeleton         Necr           0%         N/A       43%         1
 Pain                     Necr           0%         1d4       43%         1
 Blink                    Tloc           N/A        N/A       56%         2
 Passwall                 Tmut/Erth      0%         N/A       56%         2
 Gell's Gravitas          Tloc           0%         N/A       80%         3
 Lesser Beckoning         Tloc           0%         N/A       80%         3
 Swiftness                Air            0%         N/A       80%         3
 Teleport Other           Tloc           0%         N/A       80%         3
 Tukima's Dance           Hex            0%         N/A       80%         3
 Vampiric Draining        Necr           0%         2d6       80%         3
 Fulminant Prism          Conj/Hex       0%         3d6       99%         4
 Iskenderun's Mystic Bla  Conj/Tloc      0%         2d3       99%         4
 Passage of Golubria      Tloc           N/A        N/A       99%         4
 Lee's Rapid Deconstruct  Erth           0%         3d5*      100%        5
 Manifold Assault         Tloc           0%         N/A       100%        5
 Yara's Violent Unravell  Hex/Tmut       0%         3d3       100%        5
 Invisibility             Hex            0%         N/A       100%        6


Dungeon Overview and Level Annotations

Branches:
Dungeon (10/15)            Temple (1/1) D:6
   Lair: D:8-11         Orc: D:9-12

Altars:
Ashenzari
Elyvilon
Fedhas
Gozag
Hepliaklqana
Kikubaaqudgha
Nemelex Xobeh
Okawaru
Ru
Uskayaw
Vehumet
Wu Jian
Yredelemnul
Zin

Shops:
D:5 *   D:9 [?

Annotations:
D:10 Sonja


Innate Abilities, Weirdness & Mutations

You are too large for most types of armour.
You have claws for hands.
Your natural rate of healing is unusually fast.
You are covered in fur. (AC +1)
You have tough skin. (AC +1)


Message History

You closely miss the thrashing horror.
The thrashing horror is lightly damaged.
The thrashing horror tramples you but does no damage.
The thrashing horror tramples you.
You hold your ground!
You closely miss the thrashing horror.
The thrashing horror is severely damaged.
The thrashing horror roars!
The thrashing horror closely misses you.
The thrashing horror tramples you!
You hold your ground!
You claw the thrashing horror!
The thrashing horror is almost destroyed.
The thrashing horror tramples you.
You hold your ground!
The thrashing horror misses you.
You scratch the thrashing horror but do no damage.
The thrashing horror is lightly damaged.
The thrashing horror tramples you!
You hold your ground!
The thrashing horror tramples you but does no damage.
The thrashing horror closely misses you.
The thrashing horror tramples you!
You stumble backwards!
You scratch the thrashing horror.
The thrashing horror is lightly damaged.
The thrashing horror tramples you but does no damage.
The thrashing horror barely misses you.
A wretched star comes into view.
The thrashing horror tramples you.
You hold your ground!
The thrashing horror tramples you but does no damage.
You scratch the thrashing horror but do no damage.
The thrashing horror is lightly damaged.
The thrashing horror tramples you but does no damage.
The thrashing horror tramples you!
You hold your ground!
The thrashing horror barely misses you. The thrashing horror tramples you!
* * * LOW HITPOINT WARNING * * *
You stumble backwards!
The wretched star glows turbulently.
The lance of force hits you!!
* * * LOW HITPOINT WARNING * * *
You are knocked back by the lance of force.
You slam into the rock wall!
You die...
Your body crumbles into a pile of gold.

. .# .. ##.
.. . #. #.#
#*## ≈ .
#@# ..#.≈
#X###.....#
#.X..#
#.#####
###.....# #
.#.### . .
#.....# #
#. # . ..#
# #.#....#


You could see a wretched star and 2 thrashing horrors.

Vanquished Creatures
  Harold (D:7)
  2 hellwings (D:8)
  A hornet (D:9)
  Prince Ribbit (D:8)
  A meliai zombie (D:8)
  6 yaks (D:8)
  A wraith (D:9)
  A vampire (D:9)
  Grum (D:8)
  2 water moccasins
  A hornet zombie (D:8)
  A sky beast (D:6)
  2 ice beasts
  2 orc warriors
  2 black bears
  4 centaurs
  3 ogres (D:4)
  2 wolves (D:8)
  A phantom (D:5)
  4 bullfrogs
  A gnoll sergeant (D:7)
  A wyvern skeleton (D:5)
  9 killer bees (D:9)
  8 wights (D:9)
  5 centaur zombies
  A bullfrog zombie (D:7)
  6 orc priests
  2 jellies (D:5)
  7 hounds
  3 centaur skeletons
  14 orc wizards
  2 killer bee zombies (D:6)
  2 hound skeletons
  A howler monkey zombie (D:7)
  10 gnolls
  7 adders
  6 shadow imps
  3 white imps
  3 ufetubi
  An adder skeleton (D:4)
  A worm (D:2)
  3 dart slugs
  28 orcs
  9 ball pythons
  7 endoplasms
  A giant cockroach (D:4)
  8 goblins
  4 hobgoblins
  2 jackals (D:5)
  6 quokkas
  5 bats
  4 frilled lizards (D:1)
  11 kobolds
  4 rats
  A spectral goblin (D:1)
225 creatures vanquished.

Vanquished Creatures (others)
  An orc (D:5)
  5 withered plants (D:8)
6 creatures vanquished.

Grand Total: 231 creatures vanquished

Notes
Turn   | Place    | Note
-------+----------+-------------------------------------------
     0 | D:1      | ZombieSheep the Troll Hunter began the quest for the Orb.
     0 | D:1      | Reached XP level 1. HP: 19/19 MP: 0/0
   117 | D:1      | Reached skill level 1 in Unarmed Combat
   186 | D:1      | Reached XP level 2. HP: 28/28 MP: 1/1
   227 | D:1      | Reached skill level 2 in Fighting
   422 | D:1      | Found a faded altar of an unknown god.
   646 | D:1      | Reached XP level 3. HP: 35/35 MP: 2/2
  1025 | D:2      | Found a basalt altar of Yredelemnul.
  1539 | D:2      | Reached XP level 4. HP: 44/44 MP: 3/3
  1757 | D:3      | Reached skill level 3 in Fighting
  2050 | D:4      | Noticed an ogre
  2058 | D:4      | Killed an ogre
  2059 | D:4      | Reached XP level 5. HP: 8/53 MP: 4/4
  2111 | D:4      | Noticed a black bear
  2114 | D:4      | Killed a black bear
  2115 | D:4      | Reached XP level 6. HP: 62/62 MP: 5/5
  2207 | D:4      | Reached skill level 4 in Fighting
  2670 | D:5      | Entered Level 5 of the Dungeon
  2670 | D:5      | Noticed a water moccasin
  2678 | D:4      | Reached skill level 5 in Unarmed Combat
  2678 | D:4      | Reached XP level 7. HP: 38/71 MP: 6/6
  2748 | D:5      | Found a hazy altar of Hepliaklqana.
  2883 | D:5      | Reached skill level 5 in Fighting
  2956 | D:5      | Found an iron altar of Okawaru.
  2997 | D:5      | Found Fyza's Lightly-Used Armoury.
  3165 | D:5      | Reached XP level 8. HP: 77/81 MP: 7/7
  3495 | D:6      | Found a sacrificial altar of Ru.
  3497 | D:6      | Found a broken altar of Ashenzari.
  3643 | D:6      | Reached skill level 6 in Fighting
  3921 | D:6      | Found a staircase to the Ecumenical Temple.
  3970 | Temple   | Entered the Ecumenical Temple
  3991 | Temple   | Became a worshipper of Gozag Ym Sagoz the Greedy
  4197 | D:6      | Found an ancient bone altar of Kikubaaqudgha.
  4646 | D:7      | Found a radiant altar of Vehumet.
  4703 | D:7      | Reached skill level 7 in Fighting
  4883 | D:7      | Reached XP level 9. HP: 88/93 MP: 8/8
  4894 | D:7      | Found a flagged portal.
  4902 | D:7      | Identified the +9 spear "Okoiqoba" {vorpal, Str+6}
  4980 | D:7      | Noticed Harold
  4985 | D:7      | Killed Harold
  5387 | D:8      | Found a white marble altar of Elyvilon.
  5439 | D:8      | Reached skill level 8 in Fighting
  5498 | D:8      | Noticed a hellwing
  5520 | D:8      | Killed a hellwing
  5521 | D:8      | Reached XP level 10. HP: 104/104 MP: 9/9
  5757 | D:8      | Reached skill level 5 in Dodging
  5863 | D:8      | Reached skill level 5 in Polearms
  6227 | D:8      | Reached skill level 9 in Fighting
  6266 | D:8      | Noticed Prince Ribbit
  6365 | D:8      | Killed Prince Ribbit
  6405 | D:8      | Noticed Grum
  6419 | D:8      | Killed Grum
  6706 | D:9      | Found Femo's Magic Scroll Boutique.
  6767 | D:9      | HP: 4/105 [something (8)]
  6907 | D:9      | Found Ipeduoss's Armour Boutique.
  7000 | D:9      | Reached XP level 11. HP: 75/115 MP: 8/10
  7177 | D:9      | Bought a +0 hat for 52 gold pieces
  7177 | D:9      | Bought a +0 cloak for 58 gold pieces
  7433 | D:10     | Entered Level 10 of the Dungeon
  7470 | D:10     | Noticed Sonja
  7499 | D:10     | Cast into level 2 of the Abyss (Sonja)
  7516 | Abyss:2  | Found a radiant altar of Vehumet.
  7556 | Abyss:2  | Found a radiant altar of Vehumet.
  7564 | Abyss:2  | Noticed a thrashing horror
  7569 | Abyss:2  | Noticed a thrashing horror
  7582 | Abyss:2  | Noticed a wretched star
  7584 | Abyss:2  | Collided with a rock wall

Illustrated notes

Levels and vault maps discovered:
D:1:      dpeg_arrival_rhombi, layout_loops_corners,
          dreamdust_ecumenical_altar_drowned_temple, minmay_fountain_box
D:2:      layout_basic, basic_altar, serial_park_tiny_pond, st_stairs_11
D:3:      layout_rooms, kennysheep_generic_room_15
D:4:      cheibrodos_old_hovel, layout_basic, minmay_misc_feat_diagonals,
          minmay_misc_feat_columns, amethyst_killhole
D:5:      layout_loops_ring, mainiacjoe_overflow_concentric_impassable,
          okawaru_metal_pillars_3, st_stairs_12, minmay_shop_damaged
D:6:      minmay_diamond_boxcup, layout_basic,
          mainiacjoe_overflow_surrounded_room,
          mainiacjoe_overflow_catwalk_spiral
D:7:      layout_basic, mainiacjoe_overflow_brackets, enter_bailey_2,
          uniq_harold
D:8:      cheibrodos_grave_circle, layout_basic,
          mainiacjoe_overflow_cross_hatched, st_stairs_8, minmay_crystal_room,
          uniq_prince_ribbit1, uniq_grum
D:9:      layout_rooms, serial_shops, shop, shop
D:10:     layout_rooms, grunt_qazlal_clouds, xom_teletrap_fun,
          minmay_misc_feat_doors, uniq_sonja
Temple:   dshaligram_water_room_temple
Abyss:2:  base:
D:7

Skill      XL: |  1  2  3  4  5  6  7  8  9 10 11 |
---------------+----------------------------------+-----
Unarmed Combat | 1 2 3 4 5 6 8 |  8.3
Fighting       | 2 3 4 5 7 8 9 |  9.5
Polearms       | 3 5 6 |  6.0
Dodging        | 4 6 |  6.3
Throwing       | |  3.6
Stealth        | |  0.3

Action                   |  1- 3 |  4- 6 |  7- 9 | 10-12 || total
-------------------------+-------+-------+-------+-------++-------
Melee: Unarmed           |   102 |    83 |   234 |   285 ||   704
       Punch             |       |     3 |    11 |    11 ||    25
Throw: Large rock        |       |    11 |     1 |       ||    12
Invok: Potion Petition   |       |       |       |     1 ||     1
Evoke: Wand              |       |       |     1 |       ||     1
  Use: Scroll            |     3 |     6 |    11 |     5 ||    25
       Potion            |       |       |     1 |     2 ||     3
 Stab: Sleeping          |     1 |       |       |       ||     1
       Paralysed         |       |       |     4 |       ||     4
       Distracted        |       |       |       |     1 ||     1
Armor: Robe              |    31 |    26 |    89 |    82 ||   228
Dodge: Dodged            |    40 |    40 |   126 |   163 ||   369
